 Dungeon Crawl Stone Soup version 0.31-a0-818-ge7c7cf74f0 (webtiles) character file.

Game seed: 414286553973962051

19756 thirtiethelement the Covert (level 12, -31/87 HPs)
             Began as a Demonspawn Enchanter on Sept 22, 2023.
             Was the Champion of Cheibriados.
             Annihilated by a titanic slime creature (93 damage)
             ... on level 13 of the Dungeon.
             The game lasted 00:51:30 (11910 turns).

thirtiethelement the Covert (Demonspawn Enchanter) Turns: 11910, Time: 00:51:31

Health: -31/87     AC: 15    Str: 23    XL:     12   Next: 39%
Magic:  23/23      EV: 22    Int: 33    God:    Cheibriados [******]
Gold:   488        SH: 13    Dex: 43    Spells: 11/25 levels left

rFire   . . .        J - +5 dagger "Ygoyjiej" {freeze, *Noise rPois Dex+4}
rCold   . . .        B - +0 buckler
rNeg    . . .        M - +3 steam dragon scales
rPois   +            n - +1 hat
rElec   .            i - +0 cloak
rCorr   .            (gloves unavailable)
SInv    +            Q - +0 pair of boots
Will    .....        P - amulet of reflection
Stlth   ++++++       u - ring of see invisible
HPRegen 0.00/turn    w - +6 ring of dexterity
MPRegen 0.18/turn

%: reflection
@: about to teleport, inhibited regen, very slow
A: claws 3, icy blue scales 2, demonic guardian 2, ignite blood 1, antennae 1,
inhibited regeneration
a: Renounce Religion, Bend Time, Temporal Distortion, Slouch, Step From Time


You were on level 13 of the Dungeon.
You worshipped Cheibriados.
Cheibriados was exalted by your worship.
You visited 2 branches of the dungeon, and saw 14 of its levels.
You also visited: Sewer.

You collected 602 gold pieces.
You spent 114 gold pieces at shops.

Inventory:

Hand Weapons
 a - a +2 dagger of venom
 y - a +3 dagger
 J - the +5 dagger "Ygoyjiej" (weapon) {freeze, *Noise rPois Dex+4}
   (You took it off an orc on level 8 of the Dungeon)

   Dex+4:     It affects your dexterity (+4).
   rPois:     It protects you from poison *Noise: It may make a loud noise when
   swung.
 N - a +2 dagger of electrocution
 O - a +0 quick blade
Missiles
 k - 4 javelins (quivered)
 r - 9 curare-tipped darts
 G - 3 throwing nets
Armour
 i - a +0 cloak (worn)
 m - a +4 chain mail of poison resistance
 n - a +1 hat (worn)
 B - a +0 buckler (worn)
 F - a +1 tower shield of positive energy
 M - +3 steam dragon scales (worn)
 Q - a +0 pair of boots (worn)
Magical Staves
 p - a staff of cold
Jewellery
 g - an amulet of regeneration
 u - a ring of see invisible (left claw)
 w - a +6 ring of dexterity (right claw)
 I - a ring of fire
 P - an amulet of reflection (around neck)
 R - a +6 ring of dexterity
Wands
 b - a wand of polymorph (1)
 l - a wand of mindburst (6)
 D - a wand of flame (21)
 H - a wand of paralysis (15)
 K - a wand of roots (11)
Scrolls
 d - 2 scrolls of blinking
 e - a scroll of summoning
 f - 8 scrolls of teleportation
 h - a scroll of revelation
 A - a scroll of identify
 E - a scroll of silence
Potions
 c - a potion of invisibility
 j - 4 potions of curing
 o - 2 potions of heal wounds
 q - 2 potions of magic
 s - 2 potions of enlightenment
 t - 2 potions of lignification {unknown}
 v - 3 potions of cancellation
 x - a potion of brilliance {unknown}
 z - 3 potions of might
 C - 2 potions of resistance {unknown}
 L - a potion of berserk rage {unknown}


   Skills:
 + Level 5.7 Fighting
 + Level 7.0 Short Blades
 + Level 0.9 Throwing
 + Level 5.9 Armour
 + Level 6.6 Dodging
 + Level 10.2 Stealth
 + Level 1.3 Shields
 + Level 7.4 Spellcasting
 + Level 1.1 Conjurations
 + Level 7.4 Hexes
 + Level 5.3 Ice Magic
 + Level 0.8 Earth Magic
 + Level 2.4 Invocations
 + Level 0.2 Evocations


You had 11 spell levels left.
You knew the following spells:

 Your Spells              Type           Power      Damage    Failure   Level
a - Ensorcelled Hibernat  Hex/Ice        100%       N/A       1%          2
b - Confusing Touch       Hex            57%        N/A       1%          3
c - Tukima's Dance        Hex            57%        N/A       1%          3
d - Frozen Ramparts       Ice            94%        1d15      1%          3
e - Stone Arrow           Conj/Erth      36%        3d9       9%          3

Your spell library contained the following spells:

 Spells                   Type           Power      Damage    Failure   Level
 Freeze                   Ice            100%       1d10      1%          1
 Dazzling Flash           Conj/Hex       80%        N/A       2%          3
 Magic Dart               Conj           76%        1d6       3%          1
 Hailstorm                Conj/Ice       33%        3d8       3%          3
 Inner Flame              Hex/Fire       36%        N/A       3%          3
 Blink                    Tloc           24%        N/A       7%          2
 Call Imp                 Summ           24%        N/A       7%          2
 Sublimation of Blood     Necr           12%        N/A       7%          2
 Wereblood                Tmut           12%        N/A       7%          2
 Fulminant Prism          Conj/Hex       20%        3d12      8%          4
 Leda's Liquefaction      Hex/Erth       19%        N/A       9%          4
 Mephitic Cloud           Conj/Pois/Air  14%        N/A       12%         3
 Volatile Blastmotes      Fire/Tloc      24%        2d12      14%         3
 Yara's Violent Unravell  Hex/Tmut       18%        3d9       26%         5
 Animate Armour           Summ/Erth      30%        N/A       36%         4
 Flame Wave               Conj/Fire      15%        2d7       36%         4
 Iskenderun's Mystic Bla  Conj/Tloc      15%        2d5       36%         4
 Sticky Flame             Conj/Fire      15%        2d4       36%         4
 Manifold Assault         Tloc           12%        N/A       41%         4
 Passage of Golubria      Tloc           12%        N/A       41%         4
 Lee's Rapid Deconstruct  Erth           8%         3d7*      65%         5
 Bombard                  Conj/Erth      9%         9d2       99%         6
 Haunt                    Necr/Summ      6%         N/A       100%        7
 Summon Hydra             Summ           6%         N/A       100%        7
 Borgnjor's Revivificati  Necr           6%         N/A       100%        8
 Lehudib's Crystal Spear  Conj/Erth      9%         10d4      100%        8
 Death's Door             Necr           6%         N/A       100%        9


Dungeon Overview and Level Annotations

Branches:
Dungeon (13/15)            Temple (1/1) D:4            Lair (0/5) D:8
    Orc (0/2) D:10          Sewer (visited)
 Vaults: D:13-14

Altars:
Ashenzari
Cheibriados
Dithmenos
Fedhas
Gozag
Hepliaklqana
Kikubaaqudgha
Makhleb
Nemelex Xobeh
Okawaru
Qazlal
Ru
Sif Muna
Trog
Uskayaw
Vehumet
Wu Jian
Xom
Yredelemnul

Shops:
D:1 =   D:4 ?


Innate Abilities, Weirdness & Mutations

You have claws for hands.
You are mostly covered in icy blue scales. (AC +3)
A demonic guardian rushes to your aid.
Your demonic aura sometimes causes spilled blood to erupt in flames.
You have a pair of small antennae on your head.
You do not regenerate when monsters are visible.


Message History

The basilisk is engulfed in blazing flames.
You kill the basilisk!
Cheibriados appreciates the change of pace.
Your Short Blades skill increases to level 7!
You see here an ugly thing corpse.
Found a leather armour.
Found an escape hatch in the ceiling.
The sentinel's mark upon you fades away.
You see here a +0 leather armour.
You open the door.
Found a mace.
There is an open door here.
A slime creature comes into view. x2 3 slime creatures come into view.
The slime creature quivers.
Two slime creatures merge to form a large slime creature.
The slime creature hits you but does no damage.
Two slime creatures merge to form a very large slime creature.
The slime creature hits you but does no damage.
Two slime creatures merge to form an enormous slime creature.
Casting: Ensorcelled Hibernation (safe; 1% risk of failure)
Confirm with . or Enter, or press ? or * to list all spells.
Aiming: Ensorcelled Hibernation (safe; 1% risk of failure)
Press: ? - help, Shift-Dir - straight line, f - enormous slime creature
Aim: an enormous slime creature (chance to affect: 54%)
The enormous slime creature resists with significant effort.
The slime creature quivers.
Two slime creatures merge to form a titanic slime creature.
The titanic slime creature completely misses you.
You block the titanic slime creature's attack.
The titanic slime creature attacks as it pursues you!
The titanic slime creature hits you!!
The titanic slime creature barely misses you.
The titanic slime creature attacks as it pursues you!
You block the titanic slime creature's attack. x2
The titanic slime creature barely misses you.
You block the titanic slime creature's attack.
As you read the scroll of teleportation, it crumbles to dust.
You feel strangely unstable. The titanic slime creature hits you!!!!
Ouch! That really hurt!
You die...

#####+####
.........#
.#####J#.#
#...#.#.#
###.#.###.+
#...#...#.#
#.#####.#.#
#.#...#..J#
#.#.#.###@#
#...#....)#
#######'###
###.# #...#
#.### #.#
#####[#####
#.....<...#


You could see a titanic slime creature.

Vanquished Creatures
  Harold (D:10)
  A boulder beetle (D:12)
  Erolcha (D:11)
  Pikel (D:4)
  2 cyclopes (D:12)
  An ugly thing (D:13)
  A manticore (D:11)
  Maurice (D:11)
  3 gargoyles
  2 unseen horrors (D:11)
  5 kobold demonologists
  2 hornets
  5 trolls
  A shadow (D:10)
  A wyvern (D:9)
  18 yaks
  3 wraiths
  A basilisk (D:13)
  3 wargs (D:8)
  3 steam dragons (D:8)
  4 acid dragons
  3 water moccasins
  A swamp drake (D:10)
  2 black bears
  An ice beast (D:7)
  4 orc warriors
  7 centaurs
  A lemure (D:4)
  20 kobold brigands
  4 bullfrogs
  3 gnoll sergeants
  2 scorpions (D:6)
  3 wights (D:8)
  2 killer bees (D:8)
  2 howler monkeys
  3 hounds
  2 jellies
  8 orc priests
  3 iguanas
  8 orc wizards
  2 sleepcaps
  Terence (D:2)
  23 gnolls
  16 adders
  2 river rats (Sewer)
  2 shadow imps (D:6)
  2 white imps (D:5)
  A worm (D:4)
  A dart slug (D:2)
  31 orcs
  6 ball pythons
  5 bats
  3 endoplasms
  2 giant cockroaches
  7 goblins
  4 hobgoblins
  4 jackals
  4 quokkas
  3 frilled lizards
  15 kobolds
  10 rats
283 creatures vanquished.

Vanquished Creatures (collateral kills)
  Jorgrun (D:12)
  A troll (D:11)
  An acid dragon (D:11)
  A centaur (D:8)
  A kobold brigand (D:10)
  4 killer bees (D:8)
  2 orc priests
  3 orcs (D:8)
14 creatures vanquished.

Grand Total: 297 creatures vanquished

Notes
Turn   | Place    | Note
-------+----------+-------------------------------------------
     0 | D:1      | thirtiethelement the Demonspawn Enchanter began the quest
                  | for the Orb.
     0 | D:1      | Reached XP level 1. HP: 13/13 MP: 3/3
   136 | D:1      | Reached skill level 3 in Stealth
   173 | D:1      | Gained mutation: Your demonic aura sometimes causes spilled
                  | blood to erupt in flames. [demonic ancestry]
   173 | D:1      | Reached XP level 2. HP: 18/19 MP: 5/5
   176 | D:1      | Learned a level 2 spell: Ensorcelled Hibernation
   430 | D:1      | Found Eptitim's Jewellery Shop.
   456 | D:1      | Reached skill level 1 in Short Blades
   739 | D:2      | Gained mutation: You have sharp fingernails. [demonic
                  | ancestry]
   739 | D:2      | Reached XP level 3. HP: 24/24 MP: 3/6
   876 | D:2      | Noticed Terence
   887 | D:2      | Killed Terence
   995 | D:2      | Reached XP level 4. HP: 22/30 MP: 1/7
  1895 | D:3      | Noticed Sigmund
  1989 | D:3      | Sigmund changed into Sigmund the giant cockroach
  1989 | D:3      | Noticed Sigmund
  1995 | D:3      | Killed Sigmund the giant cockroach
  2106 | D:3      | Noticed a black bear
  2152 | D:3      | Reached skill level 1 in Armour
  2161 | D:3      | Found a glowing drain.
  2171 | Sewer    | Entered a sewer
  2211 | Sewer    | Gained mutation: You have very sharp fingernails. [demonic
                  | ancestry]
  2211 | Sewer    | Reached XP level 5. HP: 19/36 MP: 3/9
  2315 | Sewer    | Reached skill level 1 in Fighting
  2782 | D:3      | Gained mutation: You are partially covered in icy blue
                  | scales. (AC +2) [demonic ancestry]
  2782 | D:3      | Reached XP level 6. HP: 38/43 MP: 2/10
  3070 | D:4      | Found a staircase to the Ecumenical Temple.
  3091 | Temple   | Entered the Ecumenical Temple
  3127 | Temple   | Became a worshipper of Cheibriados the Contemplative
  3162 | D:4      | Reached skill level 1 in Ice Magic
  3165 | D:4      | Noticed Pikel
  3179 | D:4      | Killed Pikel
  3180 | D:4      | Reached skill level 4 in Stealth
  3180 | D:4      | Gained mutation: A weak demonic guardian rushes to your
                  | aid. [demonic ancestry]
  3180 | D:4      | Reached XP level 7. HP: 36/50 MP: 1/12
  3289 | D:4      | Learned a level 3 spell: Confusing Touch
  3293 | D:4      | Learned a level 3 spell: Tukima's Dance
  3487 | D:4      | Found a shimmering altar of Xom.
  3495 | D:4      | Found a radiant altar of Vehumet.
  3527 | D:4      | Found Zyipyennaj's Magic Scroll Boutique.
  3537 | D:4      | Bought a scroll of identify for 24 gold pieces
  3537 | D:4      | Bought a scroll of enchant weapon for 90 gold pieces
  3883 | D:5      | Entered Level 5 of the Dungeon
  3905 | D:5      | Noticed a yak
  3906 | D:5      | Noticed a yak
  3906 | D:5      | Noticed a yak
  3907 | D:5      | Noticed a yak
  3907 | D:5      | Noticed a yak
  3908 | D:5      | Noticed a yak
  3922 | D:5      | Killed a yak
  3923 | D:5      | Gained mutation: You have claws for hands. [demonic
                  | ancestry]
  3923 | D:5      | Reached XP level 8. HP: 56/56 MP: 4/13
  3945 | D:4      | Reached skill level 5 in Stealth
  4082 | D:5      | Reached * piety under Cheibriados
  4142 | D:5      | Reached skill level 5 in Hexes
  4381 | D:5      | Reached skill level 6 in Stealth
  4405 | D:5      | Reached XP level 9. HP: 53/62 MP: 4/15
  5157 | D:6      | Reached ** piety under Cheibriados
  5526 | D:7      | Reached skill level 5 in Spellcasting
  5999 | D:8      | Found a staircase to the Lair.
  6038 | D:8      | Reached *** piety under Cheibriados
  6049 | D:8      | Identified the +5 dagger "Ygoyjiej" {freeze, *Noise rPois
                  | Dex+4}
  6096 | D:8      | Reached skill level 7 in Stealth
  6163 | D:8      | Reached skill level 5 in Armour
  6183 | D:8      | Gained mutation: A demonic guardian rushes to your aid.
                  | [demonic ancestry]
  6183 | D:8      | Reached XP level 10. HP: 20/68 MP: 13/17
  6282 | D:8      | Found a basalt altar of Yredelemnul.
  6325 | D:8      | Found a shimmering blue altar of Sif Muna.
  6334 | D:8      | Reached skill level 1 in Invocations
  6421 | D:8      | Reached **** piety under Cheibriados
  6574 | D:8      | Learned a level 3 spell: Frozen Ramparts
  6788 | D:9      | Learned a level 3 spell: Stone Arrow
  6940 | D:9      | Found an iron altar of Okawaru.
  6989 | D:9      | Found a broken altar of Ashenzari.
  7628 | D:10     | Entered Level 10 of the Dungeon
  7821 | D:10     | Reached skill level 8 in Stealth
  7914 | D:10     | Reached ***** piety under Cheibriados
  7915 | D:10     | Reached skill level 5 in Short Blades
  7945 | D:10     | Reached skill level 5 in Dodging
  7993 | D:10     | Noticed Harold
  8004 | D:10     | Killed Harold
  8005 | D:10     | Gained mutation: You are mostly covered in icy blue scales.
                  | (AC +3) [demonic ancestry]
  8005 | D:10     | Reached XP level 11. HP: 66/78 MP: 20/20
  8410 | D:10     | Found a staircase to the Orcish Mines.
  8958 | D:11     | Reached skill level 5 in Fighting
  9074 | D:11     | Reached skill level 9 in Stealth
  9279 | D:11     | Reached skill level 5 in Ice Magic
  9434 | D:11     | Noticed Maurice
  9438 | D:11     | Maurice stole an amulet of reflection
  9442 | D:11     | Killed Maurice
  9575 | D:11     | Noticed Erolcha
  9591 | D:11     | Killed Erolcha
  9849 | D:11     | Gained mutation: You are clumsy. (Dex -2) [potion of
                  | mutation]
  9850 | D:11     | Lost mutation: You are clumsy. (Dex -2) [potion of
                  | mutation]
  9850 | D:11     | Gained mutation: You have large cloven feet. [potion of
                  | mutation]
  9851 | D:11     | Lost mutation: You have large cloven feet. [potion of
                  | mutation]
  9851 | D:11     | Gained mutation: You are weak. (Str -2) [potion of
                  | mutation]
  9851 | D:11     | Lost mutation: You are weak. (Str -2) [potion of mutation]
  9851 | D:11     | Gained mutation: You do not regenerate when monsters are
                  | visible. [potion of mutation]
  9851 | D:11     | Gained mutation: You passively dampen the noise of your
                  | surroundings. [potion of mutation]
 10421 | D:12     | Noticed a sun demon
 10424 | D:12     | Noticed a soul eater
 10427 | D:12     | Noticed a soul eater
 10449 | D:12     | Reached skill level 10 in Stealth
 10449 | D:12     | Reached XP level 12. HP: 31/86 MP: 7/22
 10909 | D:12     | Noticed a boulder beetle
 10916 | D:12     | Killed a boulder beetle
 10917 | D:12     | Reached skill level 1 in Shields
 11066 | D:12     | Noticed Jorgrun
 11089 | D:12     | HP: 3/86 [constriction (4)]
 11093 | D:12     | Killed Jorgrun
 11094 | D:12     | Reached skill level 1 in Conjurations
 11378 | D:12     | Reached ****** piety under Cheibriados
 11801 | D:13     | Lost mutation: You do not regenerate when monsters are
                  | visible. [potion of mutation]
 11801 | D:13     | Lost mutation: You passively dampen the noise of your
                  | surroundings. [potion of mutation]
 11801 | D:13     | Gained mutation: You do not regenerate when monsters are
                  | visible. [potion of mutation]
 11801 | D:13     | Gained mutation: You have a pair of small antennae on your
                  | head. [potion of mutation]
 11910 | D:13     | Annihilated by a titanic slime creature

Illustrated notes

Levels and vault maps discovered:
D:1:      eino_arrival_druids_welcome, layout_basic, serial_shops,
          nicolae_lakefront_shop, minmay_pentomino_z4
D:2:      layout_basic, hex_medium, uniq_terence
D:3:      layout_basic, portal_sewer_entry_d, lightli_corner_chamber,
          uniq_sigmund
D:4:      layout_cave_pools, mainiacjoe_overflow_big_doors,
          minmay_temple_entry_antechambers, serial_shops, shop, uniq_pikel
D:5:      layout_gridville, hangedman_glass_teeth, kennysheep_decorative_pillar,
          minivault_5
D:6:      layout_cave_pools
D:7:      layout_basic
D:8:      cheibrodos_steamvent, layout_rooms, lemuel_crystal_altar,
          kennysheep_little_box, lemuel_coloured_pillars_altar,
          erik_lair_orcish_takeover
D:9:      layout_loops_corners, lemuel_tele_altar, mainiacjoe_overflow_alcove_4
D:10:     layout_basic, nicolae_tso_carved_into_rock, erik_orc_1, special_room
          [special_room_kobold], uniq_harold
D:11:     layout_layer_cave, uniq_maurice, uniq_erolcha
D:12:     layout_gridville, kennysheep_generic_room_7, uniq_jorgrun
D:13:     layout_roguey, erik_vaults_2, kennysheep_another_room
Temple:   nicolae_temple_great_sept

Skill      XL: |  1  2  3  4  5  6  7  8  9 10 11 12 |
---------------+-------------------------------------+-----
Stealth        | 3 4 6 7 8 10 | 10.2
Dodging        | 2 3 5 6 |  6.6
Short Blades   | 1 2 3 4 5 6 7 |  7.0
Armour         | 1 2 3 5 |  5.9
Fighting       | 1 2 3 4 5 |  5.7
Ice Magic      | 1 2 3 4 5 |  5.3
Spellcasting   | 3 4 5 6 7 |  7.4
Hexes          | 4 5 6 7 |  7.4
Invocations    | 1 2 |  2.4
Shields        | 1 |  1.3
Conjurations   | 1 |  1.1
Throwing       | |  0.9
Earth Magic    | |  0.8
Evocations     | |  0.2

Action                     |  1- 3 |  4- 6 |  7- 9 | 10-12 || total
---------------------------+-------+-------+-------+-------++-------
  Melee: Dagger            |   101 |   208 |   230 |   382 ||   921
         Punch             |     2 |     1 |     9 |     6 ||    18
         Unarmed           |     4 |       |       |       ||     4
  Throw: Javelin           |       |     1 |     4 |       ||     5
   Cast: Ensorcelled Hiber |     7 |    26 |    47 |    43 ||   123
         Confusing Touch   |       |       |     3 |     2 ||     5
         Stone Arrow       |       |       |       |     6 ||     6
         Frozen Ramparts   |       |       |       |     6 ||     6
 Invoke: Bend Time         |       |       |     2 |       ||     2
         Temporal Distorti |       |       |     1 |     1 ||     2
  Evoke: Wand              |       |     1 |       |     2 ||     3
    Use: Potion            |       |     2 |     3 |     5 ||    10
         Scroll            |       |       |    13 |    10 ||    23
   Stab: Sleeping          |     7 |    14 |    30 |    35 ||    86
         Invisible         |       |     2 |       |       ||     2
         Confused          |       |       |     4 |     2 ||     6
         Distracted        |       |       |     1 |     3 ||     4
 Armour: Robe              |    40 |       |       |       ||    40
         Leather armour    |    20 |   134 |    12 |       ||   166
         Skin              |     1 |       |       |       ||     1
         Ring mail         |       |       |   173 |     5 ||   178
         Steam dragon scal |       |       |       |   216 ||   216
  Dodge: Dodged            |    58 |   158 |   189 |   350 ||   755
  Block: Other             |       |       |       |    14 ||    14
         Buckler           |       |       |       |     5 ||     5

Table legend: (Time is in decaauts)
 A = Elapsed time spent in this place.
 B = Non-inter-level travel time spent in this place.
 C = Inter-level travel time spent in this place.
 D = Time resting spent in this place.
 E = Time spent auto-exploring this place.
 F = Levels seen in this place.
 G = Mean time per level.
                   A        B        C        D        E       F      G
               +--------+--------+--------+--------+--------+-----+--------+
         Total |  16052 |  15517 |    535 |    620 |  10434 |  15 | 1070.1 |
       Dungeon |  15747 |  15212 |    535 |    599 |  10434 |  13 | 1211.3 |
        Temple |     50 |     50 |      0 |      0 |      0 |   1 |   50.0 |
         Sewer |    255 |    255 |      0 |     21 |      0 |   1 |  255.0 |
               +--------+--------+--------+--------+--------+-----+--------+

Top non-repeatable levels by time:
    D:11: 2318 daAuts
    D:12: 2114 daAuts
    D:10: 2083 daAuts
     D:9: 1575 daAuts
     D:5: 1160 daAuts
     D:2: 1107 daAuts
     D:4: 1065 daAuts
     D:3: 987 daAuts
     D:8: 949 daAuts
     D:6: 786 daAuts
     D:1: 718 daAuts
     D:7: 667 daAuts
   Sewer: 255 daAuts
    D:13: 214 daAuts
  Temple: 50 daAuts
